 Dungeon Crawl Stone Soup version 0.18-a0-1120-g03bd624 (webtiles) character file.

1502 4thArraOfDagon the Fighter (level 8, 0/77 HPs)
             Began as a Minotaur Conjurer on Jan 17, 2016.
             Was an Initiate of Makhleb.
             Slain by an ice beast (8 damage)
             ... on level 5 of the Dungeon.
             The game lasted 00:15:10 (2330 turns).

4thArraOfDagon the Fighter (Minotaur Conjurer)      Turns: 2330, Time: 00:15:10

Health: 0/77       AC:  5    Str: 13    XL:     8   Next: 52%
Magic:  18/18      EV: 12    Int: 13    God:    Makhleb [......]
Gold:   251        SH:  0    Dex: 12    Spells: 2 memorised, 6 levels left

rFire  . . .     SeeInvis .     s - +1 battleaxe (freeze)
rCold  . . .     Gourm    .     j - +2 leather armour {rPois}
rNeg   . . .     Faith    .     (shield currently unavailable)
rPois  +         Spirit   .     (helmet restricted)
rElec  .         Dismiss  .     (no cloak)
rCorr  .         Reflect  .     (no gloves)
SustAt .         Harm     .     (no boots)
MR     .....                    (no amulet)
Stlth  +.........               (no ring)
                                d - ring of magical power

@: not resistant to hostile enchantments, very unstealthy
A: retaliatory headbutt, horns 2
a: Renounce Religion


You were on level 5 of the Dungeon.
You worshipped Makhleb.
Makhleb was noncommittal.
You were not hungry.

You visited 2 branches of the dungeon, and saw 8 of its levels.

You collected 251 gold pieces.

Inventory:

Hand Weapons
 s - a +1 battleaxe of freezing (weapon)
 v - a +0 battleaxe
Armour
 j - a +2 leather armour of poison resistance (worn)
Magical Staves
 m - an uncursed staff of conjuration {!a}
Jewellery
 d - a ring of magical power (left hand)
Wands
 e - a wand of slowing (30/48)
 q - a wand of polymorph (9/24)
 r - a wand of digging (7/24)
 u - a wand of random effects (9/48)
Scrolls
 g - a scroll of fear {unknown}
 h - 10 scrolls of remove curse
 l - 2 scrolls of blinking {unknown}
 n - a scroll of random uselessness {unknown}
 o - 2 scrolls of teleportation {unknown}
 p - 2 scrolls of enchant armour {unknown}
Potions
 a - 2 potions of brilliance {unknown}
 f - a potion of haste {unknown}
 i - a potion of curing
Books
 b - a book of Conjurations

   Spells                             Type                      Level
   a - Magic Dart                     Conjuration                  1
   b - Searing Ray                    Conjuration                  2
   c - Dazzling Spray                 Conjuration/Hexes            3
   d - Fulminant Prism                Conjuration/Hexes            4
   e - Iskenderun's Mystic Blast      Conjuration                  4
   f - Iskenderun's Battlesphere      Conjuration/Charms           5
 t - Juliod's Incunabulum of Conjuration and Flames
   (You found it on level 6 of the Dungeon)

   Spells                             Type                      Level
   a - Flame Tongue                   Conjuration/Fire             1
   b - Magic Dart                     Conjuration                  1
   c - Dazzling Spray                 Conjuration/Hexes            3
   d - Bolt of Fire                   Conjuration/Fire             6
   e - Spellforged Servitor           Conjuration/Summoning        7
Comestibles
 c - a bread ration
 k - 3 meat rations


   Skills:
 + Level 8.9 Fighting
 * Level 7.9 Axes
 + Level 3.9 Armour
 - Level 2.1 Dodging
 - Level 1.5 Stealth
 - Level 1.3 Spellcasting
 - Level 2.9 Conjurations


You had 6 spell levels left.
You knew the following spells:

 Your Spells              Type           Power        Failure   Level  Hunger
a - Magic Dart            Conj           #...         12%         1    ##.....
b - Searing Ray           Conj           #.....       17%         2    ###....


Dungeon Overview and Level Annotations

Branches:
Dungeon (7/15)             Temple (1/1) D:7

Altars:
Ashenzari
Cheibriados
Dithmenos
Elyvilon
Gozag
Kikubaaqudgha
Makhleb
Okawaru
Pakellas
Qazlal
Trog
Vehumet
Yredelemnul

Shops:
D:4 (


Innate Abilities, Weirdness & Mutations

You reflexively headbutt those who attack you in melee.
You have a pair of horns on your head.


Message History

You hit the ice beast. You headbutt the ice beast.
The ice beast is severely wounded.
The ice beast hits you. The ice beast freezes you!
* * * LOW HITPOINT WARNING * * *
You are too injured to fight recklessly!
You are too injured to fight recklessly!
You are too injured to fight recklessly!
You barely miss the ice beast.
The ice beast is severely wounded.
The ice beast hits you.
* * * LOW HITPOINT WARNING * * *
The ice beast freezes you!
* * * LOW HITPOINT WARNING * * *
The ice beast hits you but does no damage.
You slash the ice beast!
The ice beast is almost dead.
The ice beast hits you.
* * * LOW HITPOINT WARNING * * *
The ice beast freezes you!
You die...

## ### ## #...
###@##.##
.....##..#Y...#
........###.#..#
.....##..#.## .#
#... #.#Y## # ##
##.#.##
#.....######.
#.#...........
##.#...#####..


You could see an ice beast.

Vanquished Creatures
  Sigmund (D:6)
  Menkaure (D:7)
  A black bear (D:6)
  2 centaurs (D:7)
  3 ogres
  A big kobold (D:7)
  2 giant frogs (D:7)
  A water moccasin zombie (D:6)
  A scorpion (D:7)
  7 wights
  A hound (D:4)
  A worker ant (D:4)
  2 adders (D:7)
  An ooze (D:3)
  An adder zombie (D:6)
  4 giant geckos
  5 orcs (D:4)
  A giant cockroach (D:2)
  A goblin (D:1)
  5 hobgoblins
  2 jackals (D:3)
  2 ball pythons
  5 bats
  A giant newt (D:3)
  7 kobolds
  A quokka skeleton (D:4)
  A quokka zombie (D:6)
  5 rats
66 creatures vanquished.

Notes
Turn   | Place    | Note
--------------------------------------------------------------
     0 | D:1      | 4thArraOfDagon the Minotaur Conjurer began the quest for the Orb.
     0 | D:1      | Reached XP level 1. HP: 14/14 MP: 1/1
    31 | D:1      | Reached skill level 1 in Fighting
   103 | D:1      | Reached XP level 2. HP: 8/24 MP: 1/3
   356 | D:3      | Reached skill level 3 in Fighting
   381 | D:3      | Reached XP level 3. HP: 15/31 MP: 4/4
   429 | D:3      | Found a shadowy altar of Dithmenos.
   487 | D:4      | Found Gelil's Antique Weapon Emporium.
   525 | D:4      | Reached skill level 4 in Fighting
   562 | D:4      | Reached XP level 4. HP: 6/41 MP: 5/5
   616 | D:4      | HP: 1/41 [hound (6)]
   628 | D:4      | Reached skill level 5 in Fighting
   710 | D:5      | Entered Level 5 of the Dungeon
   734 | D:5      | Noticed an ice beast
   776 | D:6      | Noticed an ogre
   817 | D:7      | Noticed a giant frog
   817 | D:7      | Noticed a big kobold
   909 | D:6      | Reached XP level 5. HP: 17/50 MP: 2/6
  1007 | D:6      | Learned a level 2 spell: Searing Ray
  1033 | D:5      | Noticed an ice beast
  1074 | D:6      | Reached skill level 6 in Fighting
  1161 | D:6      | Noticed Sigmund
  1162 | D:6      | Turgon: Hi
  1169 | D:6      | 4thArraOfDagon: hi
  1177 | D:6      | Killed Sigmund
  1177 | D:6      | Reached skill level 7 in Fighting
  1177 | D:6      | Reached XP level 6. HP: 46/60 MP: 7/7
  1192 | D:7      | Turgon: Charly had a really interesting game again
  1203 | D:7      | Reached XP level 7. HP: 57/66 MP: 8/8
  1212 | D:7      | Turgon: Entered pan with 4 runes after 9.7 k
  1222 | D:7      | Turgon: http://crawl.xtahua.com/crawl/morgue/Charly/morgue-Charly-20160117-054240.txt
  1223 | D:7      | Turgon: But pan lord was too strong
  1223 | D:7      | 4thArraOfDagon: sup
  1223 | D:7      | Turgon: He still wants to beat 19 k!
  1223 | D:7      | 4thArraOfDagon: ohh pan that early?wow
  1223 | D:7      | Turgon: :-)
  1247 | D:7      | 4thArraOfDagon: he will achieve this one day
  1247 | D:7      | Turgon: He's on a good way I think - but ofc he needs luck
  1247 | D:7      | 4thArraOfDagon: with that kind of determination and die-reroll-repeat attitude
  1247 | D:7      | 4thArraOfDagon: you can pretty much achieve anything
  1270 | D:7      | Reached skill level 5 in Axes
  1281 | D:7      | Turgon: I think he is able to suffer a lot for his aim
  1281 | D:7      | Found a staircase to the Ecumenical Temple.
  1308 | D:7      | Reached skill level 1 in Armour
  1320 | D:7      | Turgon: like you :-)
  1320 | D:7      | 4thArraOfDagon: naa
  1320 | D:7      | 4thArraOfDagon: i melt too easily
  1320 | D:7      | 4thArraOfDagon: besides i stopped caring for records etc
  1320 | D:7      | 4thArraOfDagon: playing for fun now
  1331 | D:7      | Turgon: right, but you don't mind if your char dies
  1460 | D:6      | Identified Juliod's Incunabulum of Conjuration and Flames (You found it on level 6 of the Dungeon)
  1485 | D:6      | Reached skill level 8 in Fighting
  1579 | D:7      | Reached XP level 8. HP: 39/75 MP: 9/9
  2134 | Temple   | Entered the Ecumenical Temple
  2153 | Temple   | 4thArraOfDagon: what god we are worshipping today?
  2160 | Temple   | Turgon: me? none of them
  2166 | Temple   | Became a worshipper of Makhleb the Destroyer
  2211 | D:7      | Turgon: Yes, I expected you to take Makh
  2241 | D:7      | Noticed Menkaure
  2263 | D:7      | Killed Menkaure
  2330 | D:5      | Slain by an ice beast

Vault maps used:
D:1:      nicolae_arrival_washed_ashore
D:3:      nicolae_ru_awakened_eye, grunt_dithmenos_smoke, saegor_snake_ambush
D:4:      kennysheep_six_static_rooms, serial_shops, shop
D:5:      marbit_many_paths, serial_shops, shop, first_bread, uniq_duvessa,
          uniq_grinder
D:6:      uniq_sigmund
D:7:      minmay_overflow_temple_star_hex,
          minmay_temple_entry_statues_fountains, chei_slow_surprise,
          uniq_menkaure, uniq_joseph
Temple:   circular_temple_12

Action                   |  1- 3 |  4- 6 |  7- 9 || total
-------------------------+-------+-------+-------++-------
Melee: Unarmed           |    72 |    45 |       ||   117
       Battleaxe         |       |     8 |    98 ||   106
 Cast: Magic Dart        |    49 |    26 |     4 ||    79
       Searing Ray       |       |     3 |       ||     3
  Use: Potion            |     7 |     3 |     1 ||    11
       Scroll            |       |     4 |       ||     4
 Stab: Sleeping          |     1 |     2 |     1 ||     4
       Invisible         |       |     1 |       ||     1
  Eat: Pizza             |     1 |       |       ||     1
       Beef jerky        |       |     1 |       ||     1
       Chunk             |       |     1 |     4 ||     5
       Bread ration      |       |       |     1 ||     1
